 Dungeon Crawl Stone Soup version 0.30-a0-1075-gcd70e7a56d (webtiles) character file.

Game seed: 12554375529444962074

82 NateTC the Magician (level 4, 0/31 HPs)
             Began as a Djinni Hedge Wizard on Apr 14, 2023.
             Slain by Natasha (4 damage)
             ... on level 2 of the Dungeon on Apr 15, 2023.
             The game lasted 00:07:13 (1654 turns).

NateTC the Magician (Djinni Hedge Wizard)           Turns: 1654, Time: 00:07:13

Health: 0/31       AC:  3    Str:  9    XL:     4   Next: 70%
Gold:   84         EV: 12    Int: 18    God:
                   SH:  0    Dex: 12

rFire   + + .      SeeInvis .    (no weapon)
rCold   x . .      Faith    .    (no shield)
rNeg    . . .      Spirit   .    b - +0 robe
rPois   ∞          Reflect  .    c - +1 hat
rElec   .          Rampage  .    (no cloak)
rCorr   .                        (no gloves)
Will    .....                    (boots unavailable)
Stlth   ++                       (no amulet)
HPRegen 0.25/turn                (no ring)
MPRegen 0.00/turn                (no ring)

@: flying
A: sickness immunity, fire resistance 2, cold vulnerability 1, float, innate
caster, HP casting, extra vitality 1
a: no special abilities


You were on level 2 of the Dungeon.
You visited 1 branch of the dungeon, and saw 2 of its levels.

You collected 84 gold pieces.

Inventory:

Hand Weapons
 i - a +0 heavy short sword
Armour
 b - a +0 robe (worn)
 c - a +1 hat (worn)
Scrolls
 a - a scroll of vulnerability
 e - 2 scrolls of fog
 j - a scroll of blinking {unknown}
Potions
 d - a potion of cancellation {unknown}
 f - a potion of mutation {unknown}
 g - 2 potions of brilliance {unknown}
 h - a potion of heal wounds {unknown}
 k - 2 potions of haste {unknown}


   Skills:
 + Level 3.3 Dodging
 - Level 1.5 Stealth
 * Level 3.5 Spellcasting


You knew the following spells:

 Your Spells              Type           Power      Damage    Failure   Level
a - Magic Dart            Conj           64%        1d6       3%          1
b - Slow                  Hex            64%        N/A       3%          1
c - Blink                 Tloc           32%        N/A       5%          2
d - Call Imp              Summ           32%        N/A       5%          2
e - Mephitic Cloud        Conj/Pois/Air  16%        N/A       11%         3
f - Freeze                Ice            64%        1d7       3%          1
Your spell library was empty.

Dungeon Overview and Level Annotations

Branches:
Dungeon (2/15) Zot: 10346

Altars:

Annotations:
D:2 Natasha


Innate Abilities, Weirdness & Mutations

You are immune to sickness and miasma.
You are immune to poison.
Your flesh is very heat resistant. (rF++)
You are vulnerable to cold. (rC-)
You float through the air rather than walking.
You learn spells naturally, not from books.
Your magical power is your life essence.
You have superior vitality. (+4 MHP)


Message History

Casting: Magic Dart (safe; 3% risk of failure)
Confirm with . or Enter, or press ? or * to list all spells.
A tiny devil pulls itself out of the air.
Your cerulean imp disappears in a puff of smoke!
The cerulean imp hits you from afar with a +2 spear.
Natasha claws you.
* * * LOW HITPOINT WARNING * * *
Unknown command.
Natasha attacks as you move away! Natasha closely misses you.
The cerulean imp hits you from afar with a +2 spear.
* * * LOW HITPOINT WARNING * * *
Your cerulean imp hits Natasha but does no damage.
Casting: Call Imp (safe; 5% risk of failure)
Confirm with . or Enter, or press ? or * to list all spells.
A tiny devil pulls itself out of the air.
* * * LOW HITPOINT WARNING * * *
Your cerulean imp disappears in a puff of smoke!
Natasha claws you but does no damage. The cerulean imp closely misses you.
Unknown command.
Okay, then.
Okay, then.
Your cerulean imp closely misses Natasha.
Your cerulean imp hits Natasha from afar with a -2 spear.
Natasha attacks as you move away! Natasha misses you.
The cerulean imp completely misses you. Natasha barely misses you.
Your cerulean imp closely misses Natasha.
Your magical contamination has completely faded away.
Your cerulean imp hits Natasha from afar with a -2 spear.
Natasha attacks as you move away! Natasha closely misses you.
Your cerulean imp hits Natasha from afar with a -2 spear.
There is an open door here.
Natasha attacks as you move away! Natasha barely misses you.
Your cerulean imp closely misses the cerulean imp.
There's a creature in the doorway!
The cerulean imp hits you from afar with a +2 spear.
* * * LOW HITPOINT WARNING * * *
Natasha extends her claws.
The cerulean imp hits you but does no damage.
Natasha claws you.
You die...

.....#..#<###...### #.
##...#....# ###)# ..
##.#.##.#######.# ##
........#.....#.#
#######.#.###.#.####
####.#.# #......#
#....#'###......#
##..............#
#...........@..#
#......)..5.h..#
#.........5....#
#.........#'##########
####....................#
............##..........#
.....#########.†........#
.... #..........# ..
#..........#


You could see Natasha (ally target), a cerulean imp (summoned) and a friendly
cerulean imp (summoned).

Vanquished Creatures
  An adder (D:2)
  A dart slug (D:1)
  An orc (D:2)
  3 endoplasms
  2 giant cockroaches (D:1)
  10 goblins
  5 hobgoblins (D:1)
  2 quokkas (D:2)
  6 ball pythons
  4 bats
  3 frilled lizards
  5 kobolds
  9 rats
52 creatures vanquished.

Vanquished Creatures (collateral kills)
  An adder (D:2)
  A dart slug (D:2)
  A goblin (D:1)
  A hobgoblin (D:2)
4 creatures vanquished.

Grand Total: 56 creatures vanquished

Notes
Turn   | Place    | Note
-------+----------+-------------------------------------------
     0 | D:1      | NateTC the Djinni Hedge Wizard began the quest for the Orb.
     0 | D:1      | NateTC set off with the following spells memorised: Magic
                  | Dart, Slow, Blink, Call Imp, Mephitic Cloud.
     0 | D:1      | Reached XP level 1. HP: 15/15 MP: 0/0
   184 | D:1      | Reached XP level 2. HP: 16/21 MP: 0/0
   355 | D:1      | Reached XP level 3. HP: 24/25 MP: 0/0
   355 | D:1      | Learned a level 1 spell: Freeze
   499 | D:1      | You are sucked into a shaft and drop 1 floor!
   689 | D:2      | Reached XP level 4. HP: 30/31 MP: 0/0
  1636 | D:2      | Noticed Natasha
  1654 | D:2      | Slain by Natasha

Illustrated notes

Levels and vault maps discovered:
D:1:      dpeg_arrival_prison, layout_basic, minivault_5,
          dreamdust_princess_corridor
D:2:      layout_basic, uniq_natasha

Skill      XL: |  1  2  3 |
---------------+----------+-----
Spellcasting   | 3 |  3.5
Dodging        | 3 |  3.3
Stealth        | |  1.5

Action                     |  1- 3 |  4- 6 || total
---------------------------+-------+-------++-------
  Melee: Short sword       |       |     1 ||     1
         Punch             |       |     1 ||     1
   Cast: Magic Dart        |    74 |    40 ||   114
         Slow              |     1 |       ||     1
         Call Imp          |     3 |     7 ||    10
         Mephitic Cloud    |       |     1 ||     1
    Use: Scroll            |       |     6 ||     6
 Armour: Robe              |     7 |     4 ||    11
  Dodge: Dodged            |    12 |    13 ||    25

Table legend: (Time is in decaauts)
 A = Elapsed time spent in this place.
 B = Non-inter-level travel time spent in this place.
 C = Inter-level travel time spent in this place.
 D = Time resting spent in this place.
 E = Time spent auto-exploring this place.
 F = Levels seen in this place.
 G = Mean time per level.
                   A        B        C        D        E       F      G
               +--------+--------+--------+--------+--------+-----+--------+
         Total |   1652 |   1581 |     71 |    203 |    912 |   2 |  826.0 |
       Dungeon |   1652 |   1581 |     71 |    203 |    912 |   2 |  826.0 |
               +--------+--------+--------+--------+--------+-----+--------+

Top non-repeatable levels by time:
     D:1: 1138 daAuts
     D:2: 514 daAuts
